 Dungeon Crawl Stone Soup version 0.30-a0-986-g7f2e898f52 (webtiles) character file.

Game seed: 6960782919236935027

22348 DeathPants the Cleaver (level 12, -2/67 HPs)
             Began as a Vine Stalker Monk on Apr 1, 2023.
             Was an Initiate of Gozag.
             Slain by a death yak (7 damage)
             ... while petrified by a basilisk
             ... on level 2 of the Lair of Beasts.
             The game lasted 00:36:26 (11702 turns).

DeathPants the Cleaver (Vine Stalker Monk)         Turns: 11702, Time: 00:36:26

Health: -2/67      AC: 16    Str: 17    XL:     12   Next: 99%
Magic:  0/24       EV:  2    Int: 10    God:    Gozag
Gold:   2130       SH:  0    Dex: 19    Spells: 15/26 levels left

rFire   . . .      SeeInvis .    a - +0 war axe
rCold   . . .      Faith    .    L - orb {light}
rNeg    + + +      Spirit   +    d - +2 ring mail {rPois}
rPois   ∞          Reflect  .    C - +1 helmet
rElec   .          Rampage  .    (no cloak)
rCorr   .                        (no gloves)
Will    +....                    y - +2 pair of boots
Stlth   +                        h - amulet of regeneration
HPRegen 1.91/turn                o - +4 ring of protection
MPRegen 0.19/turn                z - +4 ring of slaying

@: petrified, marked, glowing, studying Translocations
A: fangs 3, regeneration 1, magic shield, antimagic bite, no potion heal 2
a: Renounce Religion, Potion Petition, Call Merchant, Bribe Branch


You were on level 2 of the Lair of Beasts.
You worshipped Gozag.
Gozag was most pleased with you.
You visited 3 branches of the dungeon, and saw 17 of its levels.

You collected 2352 gold pieces.
You spent 222 gold pieces at shops.

Inventory:

Hand Weapons
 a - a +0 war axe (weapon)
 b - a +4 morningstar of protection
 v - a +2 whip of venom
 H - a +0 hand axe
 I - a +1 battleaxe of freezing
Missiles
 i - 2 throwing nets (quivered)
 q - 4 javelins
 u - 3 boomerangs
Armour
 d - a +2 ring mail of poison resistance (worn)
 f - a +2 scale mail of willpower
 t - a +0 buckler
 y - a +2 pair of boots (worn)
 C - a +1 helmet (worn)
 L - an orb of light (worn)
Jewellery
 h - an amulet of regeneration (around neck)
 l - an amulet of the acrobat
 o - a +4 ring of protection (left hand)
 z - a +4 ring of slaying (right hand)
 G - a +6 ring of intelligence
 J - a ring of see invisible
Wands
 c - a wand of polymorph (4)
 r - a wand of flame (8)
 w - a wand of paralysis (23)
Scrolls
 g - a scroll of silence
 k - 4 scrolls of teleportation
 n - a scroll of fear
 s - a scroll of amnesia
 x - 2 scrolls of poison
 B - a scroll of immolation
 D - 2 scrolls of blinking
 F - 2 scrolls of vulnerability
 K - a scroll of magic mapping {unknown}
Potions
 e - 8 potions of curing
 j - 2 potions of lignification
 m - 2 potions of mutation
 A - 2 potions of attraction
 E - a potion of flight


   Skills:
 + Level 9.7 Fighting
 * Level 13.3 Axes
 - Level 2.4 Dodging
 - Level 2.4 Stealth
 - Level 7.8 Spellcasting
 + Level 6.0 Conjurations
 - Level 5.9 Translocations
 + Level 6.3 Transmutations


You had 15 spell levels left.
You knew the following spells:

 Your Spells              Type           Power      Damage    Failure   Level
a - Blink                 Tloc           30%        N/A       4%          2
b - Momentum Strike       Conj/Tloc      30%        3d8       4%          2
c - Wereblood             Tmut           16%        N/A       3%          2
d - Irradiate             Conj/Tmut      8%         3d14      56%         5

Your spell library contained the following spells:

 Spells                   Type           Power      Damage    Failure   Level
 Lesser Beckoning         Tloc           30%        N/A       4%          2
 Sting                    Tmut/Pois      40%        1d5       9%          1
 Kiss of Death            Conj/Necr      36%        2d8       10%         1
 Hailstorm                Conj/Ice       9%         3d4       28%         3
 Freeze                   Ice            12%        1d3       32%         1
 Ignite Poison            Fire/Tmut/Pois 8%         N/A       38%         3
 Poisonous Vapours        Pois/Air       6%         N/A       43%         2
 Sublimation of Blood     Necr           3%         N/A       43%         2
 Blade Hands              Tmut           8%         N/A       54%         5
 Confusing Touch          Hex            3%         N/A       67%         3
 Frozen Ramparts          Ice            6%         1d1       67%         3
 Ozocubu's Armour         Ice            3%         N/A       67%         3
 Tukima's Dance           Hex            3%         N/A       67%         3
 Dispel Undead            Necr           3%         3d7       97%         4
 Leda's Liquefaction      Hex/Erth       1%         N/A       97%         4
 Olgreb's Toxic Radiance  Pois           3%         N/A       97%         4
 Summon Lightning Spire   Summ/Air       3%         N/A       97%         4
 Dragon Form              Tmut           8%         N/A       100%        7
 Ozocubu's Refrigeration  Ice            1%         4d7       100%        7
 Storm Form               Tmut/Air       5%         N/A       100%        7
 Summon Hydra             Summ           1%         N/A       100%        7
 Maxwell's Capacitive Co  Air            1%         ∞         100%        8


Dungeon Overview and Level Annotations

Branches:
Dungeon (13/15)            Temple (1/1) D:7            Lair (3/5) D:10
  Snake (0/4) Lair:2          Orc (0/2) D:12
  Swamp: Lair:2-3    Shoals: Lair:2-3    Vaults: D:13-14

Altars:
Ashenzari
Dithmenos
Fedhas
Gozag
Kikubaaqudgha
Makhleb
Qazlal
Ru
Uskayaw
Vehumet
Wu Jian
Xom
Yredelemnul
Zin

Shops:
D:8 (   D:10 ?

Annotations:
D:6 2 transporters, sugarbear's ghost, novice VSGl
D:11 3 runed translucent doors, jasper's ghost, journeyman DsCA
Lair:1 3 runed translucent doors, monoptic's ghost, journeyman SpEn


Innate Abilities, Weirdness & Mutations

You have razor-sharp teeth.
Your natural rate of healing is unusually fast.
When hurt, damage is shared between your health and your magic reserves.
Your bite disrupts and absorbs the magic of your enemies.
Potions cannot restore your health.


Message History

You hit the death yak.
You bite the death yak, but do no damage.
The death yak is severely wounded.
You hit the death yak. The death yak closely misses you.
The death yak barely misses you.
A basilisk comes into view.
Casting: Wereblood (safe; 3% risk of failure)
Confirm with . or Enter, or press ? or * to list all spells.
You blink.
The basilisk gazes at you.
You are slowing down.
The basilisk gazes at you. You resist with almost no effort.
Your limbs are stiffening.
You feel stable enough to blink again. The basilisk gazes at you.
You resist with almost no effort.
You have turned to stone.
The death yak gores you. The death yak gores you!
The death yak gores you but does no damage.
The death yak gores you!
* * * LOW HITPOINT WARNING * * *
The death yak gores you.
* * * LOW HITPOINT WARNING * * *
The death yak gores you.
* * * LOW HITPOINT WARNING * * *
The death yak gores you!
* * * LOW HITPOINT WARNING * * *
The death yak gores you!!
* * * LOW HITPOINT WARNING * * *
The death yak gores you.
The death yak gores you but does no damage.
The basilisk bites you but does no damage.
The death yak gores you!
* * * LOW HITPOINT WARNING * * *
The death yak gores you!
* * * LOW HITPOINT WARNING * * *
The basilisk gazes at you. You resist with almost no effort.
The death yak gores you!
You die...
Your body crumbles into a pile of gold.

##..## ## .... ..# #
#### #..# ####.?#
..###.#P..##..##P.....#
...!................# .
...................# ..
+.......lY.........##
...#.......@Y...>......#
.........P..##........##
#..........#........#
.♣.<.~##..........P#
♣♣P~P#).#.#.#P....#
♣♣~~♣~♣..~####..##
~~♣~♣~~~## #..##
≈~P~~~~~♣~♣# #...#
≈♣~~PP~♣♣~###..#


You could see 2 death yaks and a basilisk.

Vanquished Creatures
  A centaur warrior (D:12)
  A two-headed ogre (D:10)
  A skyshark (Lair:2)
  A deep elf pyromancer (D:12)
  A salamander (Lair:2)
  A manticore (D:12)
  3 cyclopes
  A gargoyle (D:10)
  8 cane toads
  An unseen horror (D:11)
  6 komodo dragons
  A rime drake (Lair:1)
  A kobold demonologist (D:9)
  2 trolls
  Grinder (D:3)
  2 hornets
  Prince Ribbit (D:8)
  2 shadows (D:11)
  A vampire (D:9)
  6 wyverns
  A basilisk (D:10)
  A wraith (D:11)
  26 yaks
  2 steam dragons
  An acid dragon (D:10)
  Duvessa (D:7)
  6 water moccasins
  3 orc warriors
  2 sky beasts (D:7)
  2 black bears
  3 ogres
  3 wolves (Lair:2)
  A phantom (D:4)
  11 centaurs
  3 kobold brigands
  4 bullfrogs
  A gnoll sergeant (D:10)
  7 scorpions
  10 wights (D:8)
  Dowan (D:7)
  16 killer bees
  4 electric eels
  A howler monkey (D:9)
  A hound (D:4)
  4 lava snakes (Lair:2)
  5 jellies
  5 orc priests
  A gnoll bouda (D:8)
  6 iguanas
  A sleepcap (D:5)
  12 orc wizards
  5 adders
  17 gnolls
  3 shadow imps
  A white imp (D:6)
  An ufetubus (D:4)
  3 worms
  3 dart slugs
  25 orcs
  13 endoplasms
  A giant cockroach (D:1)
  11 hobgoblins
  7 jackals
  17 kobolds
  3 quokkas
  9 ball pythons
  3 bats
  4 frilled lizards
  11 goblins
  7 rats
331 creatures vanquished.

Vanquished Creatures (others)
  An orc wizard (D:12)
  10 fungi
  29 plants
  5 toadstools (D:1)
45 creatures vanquished.

Grand Total: 376 creatures vanquished

Notes
Turn   | Place    | Note
-------+----------+-------------------------------------------
     0 | D:1      | DeathPants the Vine Stalker Monk began the quest for the
                  | Orb.
     0 | D:1      | Reached XP level 1. HP: 11/11 MP: 2/2
   129 | D:1      | Reached skill level 3 in Axes
   129 | D:1      | Reached XP level 2. HP: 14/16 MP: 3/3
   562 | D:1      | Reached skill level 1 in Spellcasting
   589 | D:1      | Reached XP level 3. HP: 16/19 MP: 5/5
  1437 | D:2      | Gained mutation: Your natural rate of healing is unusually
                  | fast. [Vine Stalker growth]
  1437 | D:2      | Reached XP level 4. HP: 24/24 MP: 7/7
  2075 | D:3      | Identified the +1 dagger of Prudence {drain, Dex+3}
  2083 | D:3      | Reached skill level 4 in Axes
  2185 | D:3      | Noticed Grinder
  2201 | D:3      | Paralysed by Grinder for 5 turns
  2212 | D:3      | Paralysed by Grinder for 5 turns
  2237 | D:3      | Killed Grinder
  2238 | D:3      | Reached XP level 5. HP: 29/29 MP: 7/10
  2238 | D:3      | Reached XP level 6. HP: 33/33 MP: 7/11
  2584 | D:4      | Reached skill level 5 in Axes
  2650 | D:5      | Entered Level 5 of the Dungeon
  2667 | D:4      | Reached XP level 7. HP: 33/37 MP: 12/12
  2849 | D:5      | Reached skill level 6 in Axes
  2859 | D:5      | Gained mutation: You have razor-sharp teeth. [Vine Stalker
                  | growth]
  2859 | D:5      | Reached XP level 8. HP: 20/42 MP: 15/15
  2923 | D:5      | Found a shimmering altar of Xom.
  3179 | D:5      | Reached skill level 5 in Fighting
  3219 | D:5      | Found a stormy altar of Qazlal.
  3527 | D:5      | Reached skill level 7 in Axes
  3753 | D:4      | Reached skill level 5 in Spellcasting
  3895 | D:4      | Reached XP level 9. HP: 48/48 MP: 16/18
  4146 | D:4      | Found a burning altar of Makhleb.
  4549 | D:5      | Identified a scroll of acquirement
  4549 | D:5      | Acquired a manual of Translocations
  4570 | D:6      | Learned a level 2 spell: Blink
  4684 | D:6      | Found a transporter.
  4695 | D:6      | Found a transporter.
  4700 | D:6      | Noticed sugarbear's ghost (novice VSGl)
  4736 | D:6      | Reached skill level 1 in Translocations
  4801 | D:6      | Reached skill level 8 in Axes
  5396 | D:7      | Found a staircase to the Ecumenical Temple.
  5405 | Temple   | Entered the Ecumenical Temple
  5418 | Temple   | Became a worshipper of Gozag Ym Sagoz the Greedy
  5458 | D:7      | Noticed Dowan
  5480 | D:7      | Killed Dowan
  5634 | D:7      | Got the Compendium of Glowing Bewitchment
  5639 | D:7      | Learned a level 2 spell: Momentum Strike
  5878 | D:8      | Reached skill level 1 in Conjurations
  5921 | D:7      | Noticed Duvessa
  5931 | D:7      | Killed Duvessa
  6166 | D:8      | Reached skill level 9 in Axes
  6169 | D:8      | Reached XP level 10. HP: 53/53 MP: 16/20
  6289 | D:7      | Reached skill level 5 in Translocations
  6778 | D:8      | Noticed Prince Ribbit
  6785 | D:8      | Killed Prince Ribbit
  6810 | D:8      | Found a glowing silver altar of Zin.
  6817 | D:8      | Found Bewnuin's Antique Weapon Shoppe.
  7722 | D:10     | Entered Level 10 of the Dungeon
  7728 | D:9      | Noticed a kobold demonologist
  7739 | D:9      | Killed a kobold demonologist
  7815 | D:9      | Reached skill level 10 in Axes
  7885 | D:10     | Reached XP level 11. HP: 58/58 MP: 23/23
  7893 | D:10     | Found a staircase to the Lair.
  7992 | D:9      | Found an ancient bone altar of Kikubaaqudgha.
  7996 | D:9      | Learned a level 2 spell: Wereblood
  8052 | D:10     | Found an ornate altar of the Wu Jian Council.
  8052 | D:10     | Found a sacrificial altar of Ru.
  8059 | D:10     | Noticed a two-headed ogre
  8093 | D:10     | Killed a two-headed ogre
  8094 | D:10     | Reached skill level 1 in Transmutations
  8192 | D:10     | Found Utevvyuk's Magic Scroll Shop.
  8200 | D:10     | Bought 3 scrolls of identify for 72 gold pieces
  8200 | D:10     | Bought a scroll of blinking for 90 gold pieces
  8200 | D:10     | Bought a scroll of identify for 24 gold pieces
  8200 | D:10     | Bought a scroll of teleportation for 36 gold pieces
  8514 | D:10     | Found a radiant altar of Vehumet.
  8724 | D:11     | Reached skill level 11 in Axes
  9087 | D:11     | Found a runed translucent gate.
  9087 | D:11     | Identified the +6 chain mail "Bajiatrontism" {rPois rCorr}
  9088 | D:11     | Found a runed translucent gate.
  9088 | D:11     | Noticed jasper's ghost (journeyman DsCA)
  9089 | D:11     | Found a runed translucent gate.
  9341 | D:11     | Noticed a cyclops
  9353 | D:11     | Killed a cyclops
  9414 | D:11     | Identified the +0 chain mail of Rotation {rCorr}
  9520 | D:12     | Found a staircase to the Orcish Mines.
  9532 | D:12     | Noticed a centaur warrior
  9545 | D:12     | Killed a centaur warrior
  9608 | D:12     | Noticed a deep elf pyromancer
  9628 | D:12     | Killed a deep elf pyromancer
  9805 | D:12     | Noticed a cyclops
  9817 | D:12     | Killed a cyclops
  9942 | D:12     | Noticed a manticore
  9946 | D:12     | Reached XP level 12. HP: 65/65 MP: 24/24
  9952 | D:12     | Reached skill level 12 in Axes
 10354 | Lair:1   | Entered Level 1 of the Lair of Beasts
 10403 | Lair:1   | Learned a level 5 spell: Irradiate
 10685 | Lair:1   | Found a runed translucent gate.
 10685 | Lair:1   | Found a runed translucent gate.
 10685 | Lair:1   | Found a runed translucent gate.
 10686 | Lair:1   | Noticed monoptic's ghost (journeyman SpEn)
 10686 | Lair:1   | Noticed a 12-headed hydra
 10686 | Lair:1   | Noticed an 11-headed hydra
 10731 | Lair:1   | Reached skill level 5 in Transmutations
 10796 | Lair:2   | Noticed a skyshark
 10808 | Lair:2   | Killed a skyshark
 10918 | Lair:1   | Reached skill level 5 in Conjurations
 11330 | Lair:2   | Reached skill level 13 in Axes
 11386 | Lair:2   | Found a staircase to the Snake Pit.
 11679 | Lair:3   | Noticed a death yak
 11679 | Lair:3   | Noticed a death yak
 11679 | Lair:3   | Noticed a death yak
 11701 | Lair:2   | HP: 3/67 [death yak (7)]
 11702 | Lair:2   | Slain by a death yak

Illustrated notes

Levels and vault maps discovered:
D:1:      ldierk_walled_garden, layout_basic, feat_on_display
D:2:      minmay_evil_eye, layout_loops_corners
D:3:      layout_rooms, minmay_goblin_outpost, uniq_grinder
D:4:      minmay_octagon_keep, layout_loops_ring, makhleb_heckhound_becter
D:5:      layout_basic, grunt_qazlal_sundering, mainiacjoe_overflow_24_doors,
          portal_sewer_entry_e
D:6:      layout_basic, gammafunk_ghost_arena
D:7:      layout_basic, minmay_temple_entry_poolview, uniq_duvessa
D:8:      layout_basic, lemuel_crystal_altar, serial_shops,
          kennysheep_little_box, uniq_prince_ribbit1
D:9:      layout_basic, nicolae_kikubaaqudgha_miasma_corner
D:10:     layout_rooms, nicolae_vehumet_altar_sigil,
          gammafunk_temple_overflow_wave, david_lair_generic, serial_shops,
          shop_fountains, hangedman_abyss_or_decor_lesser_grid
D:11:     layout_loops_ring, biasface_ghost_orc_armoury
D:12:     layout_irregular_city, minmay_orc_entry_temple_small
D:13:     layout_loops_cross, gauntlet_entry_generic, grunt_decor_cap
Temple:   eino_temple_water
Lair:1:   layout_misc_corridors, gammafunk_ghost_hydra_chop,
          serial_bayou_shore_a
Lair:2:   layout_chaotic_city, nicolae_snake_entry_warm_welcome,
          serial_bayou_lake_a, lemuel_fruit_tree
Lair:3:   layout_regular_city, shoals_dummy_entry

Skill      XL: |  1  2  3  4  5  6  7  8  9 10 11 12 |
---------------+-------------------------------------+-----
Axes           | 3 4 5 6 7 9 10 11 13 | 13.3
Spellcasting   | 1 2 3 4 5 6 7 |  7.8
Fighting       | 3 4 5 6 7 8 9 |  9.7
Translocations | 4 5 |  5.9
Conjurations   | 1 4 6 |  6.0
Transmutations | 4 6 |  6.3
Dodging        | |  2.4
Stealth        | |  2.4

Action                     |  1- 3 |  4- 6 |  7- 9 | 10-12 || total
---------------------------+-------+-------+-------+-------++-------
  Melee: Hand axe          |   127 |    25 |       |       ||   152
         Bite              |    27 |    31 |    85 |   251 ||   394
         Punch             |     2 |       |     4 |     8 ||    14
         War axe           |       |    91 |   218 |   611 ||   920
         Morningstar       |       |       |    71 |       ||    71
  Throw: Javelin           |       |     4 |       |       ||     4
         Throwing net      |       |     1 |       |     4 ||     5
         Dart              |       |       |       |     1 ||     1
   Cast: Blink             |       |       |       |     2 ||     2
         Wereblood         |       |       |       |     2 ||     2
         Momentum Strike   |       |       |       |     2 ||     2
    Use: Scroll            |       |       |    12 |    11 ||    23
         Potion            |       |       |     1 |     4 ||     5
   Stab: Sleeping          |     1 |       |     2 |       ||     3
         Distracted        |       |       |     1 |     5 ||     6
 Armour: Robe              |    13 |       |       |       ||    13
         Scale mail        |    12 |    76 |   105 |       ||   193
         Ring mail         |       |       |    81 |   379 ||   460
  Dodge: Dodged            |    96 |    86 |   171 |   398 ||   751

Table legend: (Time is in decaauts)
 A = Elapsed time spent in this place.
 B = Non-inter-level travel time spent in this place.
 C = Inter-level travel time spent in this place.
 D = Time resting spent in this place.
 E = Time spent auto-exploring this place.
 F = Levels seen in this place.
 G = Mean time per level.
                   A        B        C        D        E       F      G
               +--------+--------+--------+--------+--------+-----+--------+
         Total |  11815 |  11396 |    419 |    395 |   7247 |  17 |  695.0 |
       Dungeon |  10453 |  10065 |    388 |    381 |   6445 |  13 |  804.1 |
        Temple |     23 |     14 |      9 |      0 |      1 |   1 |   23.0 |
          Lair |   1338 |   1316 |     22 |     14 |    801 |   3 |  446.0 |
               +--------+--------+--------+--------+--------+-----+--------+

Top non-repeatable levels by time:
     D:5: 1082 daAuts
     D:7: 1037 daAuts
     D:2: 1007 daAuts
     D:4: 951 daAuts
    D:11: 913 daAuts
     D:1: 908 daAuts
     D:6: 888 daAuts
     D:8: 884 daAuts
  Lair:1: 818 daAuts
    D:12: 807 daAuts
     D:9: 688 daAuts
     D:3: 643 daAuts
    D:10: 640 daAuts
  Lair:2: 516 daAuts
  Temple: 23 daAuts
